 Dungeon Crawl Stone Soup version 0.26-a0-642-g67e99244d3 (webtiles) character file.

Game seed: 13659600387411832905

70 DogServant the Vandal (level 4, -6/31 HPs)
             Began as a Halfling Hunter on Sept 22, 2020.
             Mangled by an iguana (14 damage)
             ... on level 2 of the Dungeon.
             The game lasted 00:02:39 (1854 turns).

DogServant the Vandal (Halfling Hunter)             Turns: 1854, Time: 00:02:41

Health: -6/31      AC:  3    Str: 13    XL:     4   Next: 45%
Magic:  4/4        EV: 14    Int:  9    God:
Gold:   87         SH:  0    Dex: 15    Spells: 3/3 levels left

rFire    . . .     SeeInvis .   b - +0 short sword
rCold    . . .     Faith    .   (shield restricted)
rNeg     . . .     Spirit   .   c - +0 leather armour
rPois    .         Reflect  .   (no helmet)
rElec    .         Harm     .   (no cloak)
rCorr    .         Rampage  .   (no gloves)
MR       .....                  (no boots)
Stlth    ++........             (no amulet)
HPRegen  0.10/turn              (no ring)
MPRegen  0.09/turn              (no ring)

@: no status effects
A: small, mutation resistance 1
a: no special abilities


You were on level 2 of the Dungeon.
You visited 1 branch of the dungeon, and saw 2 of its levels.

You collected 87 gold pieces.

Inventory:

Hand Weapons
 a - a +1 hunting sling
 b - a +0 short sword (weapon)
Missiles
 d - 20 sling bullets
 j - 52 stones
 o - 5 boomerangs (quivered)
Armour
 c - a +0 leather armour (worn)
Jewellery
 h - an uncursed ring of poison resistance {unknown}
Scrolls
 e - 3 scrolls of remove curse {unknown}
 f - a scroll of identify {unknown}
 g - a scroll of magic mapping {unknown}
 k - a scroll of amnesia {unknown}
 l - a scroll of enchant armour {unknown}
 n - a scroll of blinking {unknown}
Potions
 i - a potion of brilliance {unknown}
 m - a potion of degeneration {unknown}


   Skills:
 + Level 3.0 Fighting
 + Level 7.1 Slings
 - Level 2.1 Dodging
 - Level 1.1 Stealth


You had 3 spell levels left.
You didn't know any spells.
Your spell library was empty.

Dungeon Overview and Level Annotations

Branches:
Dungeon (2/15)

Altars:
Makhleb
Xom


Innate Abilities, Weirdness & Mutations

You are small and have problems with some larger weapons.
You are somewhat resistant to further mutation.


Message History

The worker ant zombie is moderately damaged.
The worker ant zombie closely misses you.
You hit the worker ant zombie.
The worker ant zombie is heavily damaged.
The iguana closely misses you.
The worker ant zombie bites you but does no damage.
You hit the worker ant zombie.
The worker ant zombie is severely damaged.
The iguana misses you. The worker ant zombie bites you.
You hit the worker ant zombie but do no damage.
The worker ant zombie is severely damaged.
The worker ant zombie barely misses you.
The iguana bites you!
You completely miss the worker ant zombie.
The worker ant zombie is severely damaged.
The iguana bites you!
* * * LOW HITPOINT WARNING * * *
The worker ant zombie closely misses you. x2
The iguana bites you!
You die...

#.......... #.##.......
#.#####.#.# #.......#.#
.########... .# #...
##### .# #...
.....$######.## #†..
......Z@......# ####...
.###.#l###....##........
#)##...#...........
#.#.....###........
..#.....# ######...
.##.....# #... ##
##....# #... ####.# #...
#.# #...


You could see an iguana and a worker ant zombie.

Vanquished Creatures
  An adder (D:2)
  2 dart slugs
  3 leopard geckos
  A ball python (D:1)
  7 bats
  3 giant cockroaches
  3 goblins
  6 hobgoblins
  9 jackals
  6 kobolds
  4 frilled lizards (D:2)
  3 rats
48 creatures vanquished.

Notes
Turn   | Place    | Note
-------+----------+-------------------------------------------
     0 | D:1      | DogServant the Halfling Hunter began the quest for the Orb.
     0 | D:1      | Reached XP level 1. HP: 14/14 MP: 1/1
    87 | D:1      | Reached skill level 6 in Slings
   229 | D:1      | Reached XP level 2. HP: 19/19 MP: 2/2
   638 | D:1      | Reached XP level 3. HP: 25/25 MP: 3/3
  1294 | D:2      | Reached XP level 4. HP: 25/30 MP: 4/4
  1550 | D:2      | Found a burning altar of Makhleb.
  1550 | D:2      | Found a shimmering altar of Xom.
  1588 | D:2      | Reached skill level 7 in Slings
  1854 | D:2      | Mangled by an iguana

Illustrated notes

Levels and vault maps discovered:
D:1:      sevenhm_arrival_forest_fort_small_5, layout_loops_ring
D:2:      layout_loops_cross, gammafunk_temple_overflow_wave

Skill      XL: |  1  2  3  4 |
---------------+-------------+-----
Fighting       | 2 3 |  3.0
Slings         | 6 7 |  7.1
Dodging        | |  2.1
Stealth        | |  1.1

Action                   |  1- 3 |  4- 6 || total
-------------------------+-------+-------++-------
Melee: Short sword       |   114 |    66 ||   180
 Fire: Hunting sling     |    11 |       ||    11
Throw: Boomerang         |       |    18 ||    18
 Stab: Sleeping          |     4 |       ||     4
Armor: Leather armour    |    22 |    15 ||    37
Dodge: Dodged            |    97 |    83 ||   180

Table legend: (Time is in decaauts)
 A = Elapsed time spent in this place.
 B = Non-inter-level travel time spent in this place.
 C = Inter-level travel time spent in this place.
 D = Time resting spent in this place.
 E = Time spent auto-exploring this place.
 F = Levels seen in this place.
 G = Mean time per level.
                   A        B        C        D        E       F      G
               +--------+--------+--------+--------+--------+-----+--------+
         Total |   1878 |   1826 |     52 |      0 |   1449 |   2 |  939.0 |
       Dungeon |   1878 |   1826 |     52 |      0 |   1449 |   2 |  939.0 |
               +--------+--------+--------+--------+--------+-----+--------+

Top non-repeatable levels by time:
     D:1: 1096 daAuts
     D:2: 781 daAuts
